 Dungeon Crawl Stone Soup version 0.20.1-1-g8b1a95d (webtiles) character file.

90 miragecloak the Cudgeler (level 4, 0/35 HPs)
             Began as a Formicid Abyssal Knight on July 3, 2017.
             Was a Follower of Lugonu.
             Slain by an iguana (12 damage)
             ... on level 6 of the Dungeon.
             The game lasted 00:02:58 (3256 turns).

miragecloak the Cudgeler (Formicid Abyssal Knight)  Turns: 3256, Time: 00:02:59

Health: 0/35       AC:  4    Str: 16    XL:     4   Next: 85%
Magic:  5/5        EV: 11    Int: 12    God:    Lugonu [*.....]
Gold:   95         SH:  0    Dex: 11    Spells: 3/3 levels left

rFire    . . .     SeeInvis +   a - +1 mace
rCold    . . .     Gourm    .   (no shield)
rNeg     . . .     Faith    .   b - +0 leather armour
rPois    .         Spirit   .   (helmet unavailable)
rElec    .         Reflect  .   (no cloak)
rCorr    .         Harm     .   d - +0 pair of gloves
MR       .....                  (no boots)
Stlth    +.........             (no amulet)
Regen    0.2/turn               (no ring)
MPRegen  0.1/turn               (no ring)

@: no status effects
A: permanent stasis, dig shafts and tunnels, four strong arms, antennae 3
a: Dig, Shaft Self, Depart the Abyss, Renounce Religion


You were on level 6 of the Dungeon.
You worshipped Lugonu.
Lugonu was aware of your devotion.
You were near starving.

You visited 1 branch of the dungeon, and saw 4 of its levels.
You visited the Abyss 1 time.

You collected 95 gold pieces.

Inventory:

Hand Weapons
 a - a +1 mace (weapon)
Armour
 b - a +0 leather armour (worn)
 d - a +0 pair of gloves (worn)
 g - a +0 shield
Jewellery
 h - an uncursed amulet of magic regeneration {unknown}
Scrolls
 l - a scroll of fear {unknown}
 q - a scroll of teleportation {unknown}
 s - a scroll of identify {unknown}
 t - a scroll of random uselessness {unknown}
Potions
 e - a potion of might {unknown}
 f - 2 potions of mutation {unknown}
 i - a potion of haste {unknown}
 j - 3 potions of curing {unknown}
 m - a potion of brilliance {unknown}
 n - a potion of ambrosia {unknown}
 p - 2 potions of invisibility {unknown}
Comestibles
 c - 3 bread rations
 k - 3 royal jellies
 o - a fruit


   Skills:
 - Level 3.2 Fighting
 + Level 4.6 Maces & Flails
 - Level 2.1 Armour
 - Level 0.8 Dodging
 - Level 2.1 Invocations


You had 3 spell levels left.
You didn't know any spells.

Dungeon Overview and Level Annotations

Branches:
Dungeon (3/15)

Altars:

Annotations:
D:3 Sigmund; vishdafish's ghost, amateur DsFi


Innate Abilities, Weirdness & Mutations

You cannot be hasted, slowed, berserked, paralysed or teleported.
You can dig through walls and to a lower floor.
Your four strong arms can wield two-handed weapons with a shield.
You have a pair of large antennae on your head. (SInv)


Message History

The iguana closely misses you.
You sock the iguana!
The iguana is severely wounded.
The iguana barely misses you.
You barely miss the iguana.
The iguana is severely wounded.
The iguana barely misses you.
You hit the iguana but do no damage.
The iguana is severely wounded.
The iguana bites you.
You barely miss the iguana.
The iguana is severely wounded.
The iguana bites you. The iguana misses you.
You hit the iguana.
The iguana is almost dead.
The iguana bites you.
You barely miss the iguana.
The iguana is almost dead.
The iguana bites you!
You die...

#.......# .
######..#
#..##.###
#........
#.#####.#
#.# #.#
#.#####.#
#.5l@...#
.....#######
... .


You could see an iguana and a crimson imp.

Vanquished Creatures
  4 adders (D:2)
  A worm (D:2)
  2 dart slugs
  2 leopard geckos
  5 bats
  2 giant cockroaches
  3 goblins
  6 hobgoblins
  8 kobolds
  A ball python (D:2)
  A frilled lizard (D:2)
  10 rats
45 creatures vanquished.

Notes
Turn   | Place    | Note
-------+----------+-------------------------------------------
     0 | Abyss:1  | miragecloak the Formicid Abyssal Knight began the quest for the Orb.
     0 | Abyss:1  | Reached XP level 1. HP: 18/18 MP: 2/2
    24 | Abyss:1  | Found a corrupted altar of Lugonu.
    79 | Abyss:1  | Noticed a large abomination
    80 | Abyss:1  | Noticed an iron imp
    80 | D:1      | Escaped the Abyss
   205 | D:1      | Reached XP level 2. HP: 23/24 MP: 3/3
   211 | D:1      | Reached * piety under Lugonu
   546 | D:1      | Reached skill level 3 in Maces & Flails
   819 | D:1      | Reached XP level 3. HP: 28/29 MP: 4/4
  1808 | D:2      | Reached XP level 4. HP: 24/35 MP: 5/5
  1818 | D:2      | Reached skill level 4 in Maces & Flails
  2744 | D:3      | Noticed vishdafish's ghost (amateur DsFi)
  2995 | D:3      | Noticed Sigmund
  3131 | D:3      | You fall through a shaft for 3 floors!
  3256 | D:6      | Slain by an iguana

Skill      XL: |  1  2  3  4 |
---------------+-------------+-----
Maces & Flails | 3 4 |  4.6
Fighting       | |  3.2
Armour         | |  2.1
Dodging        | |  0.8
Invocations    | |  2.1

Action                   |  1- 3 |  4- 6 || total
-------------------------+-------+-------++-------
Melee: Mace              |   111 |    58 ||   169
Invok: Depart the Abyss  |     1 |       ||     1
 Abil: Shaft Self        |       |     1 ||     1
  Eat: Chunk             |     3 |     3 ||     6
Armor: Leather armour    |    43 |    16 ||    59
Dodge: Dodged            |    76 |    38 ||   114
